 Dungeon Crawl Stone Soup version 0.18-a0-1639-g7533f42 (webtiles) character file.

245 Kidiri the Magician (level 5, -3/29 HPs)
             Began as a Deep Elf Fire Elementalist on Mar 25, 2016.
             Killed from afar by an orc wizard (11 damage)
             ... with a puff of flame
             ... on level 3 of the Dungeon on Mar 27, 2016.
             The game lasted 03:52:37 (3709 turns).

Kidiri the Magician (Deep Elf Fire Elementalist)    Turns: 3709, Time: 03:52:37

Health: -3/29      AC:  3    Str:  5    XL:     5   Next: 83%
Magic:  1/13       EV: 13    Int: 21    God:
Gold:   159        SH:  4    Dex: 15    Spells: 4 memorised, 3 levels left

rFire  . . .     SeeInvis .     d - +0 dagger
rCold  . . .     Gourm    +     a - +0 robe
rNeg   . . .     Faith    .     e - +0 buckler
rPois  .         Spirit   .     (no helmet)
rElec  .         Dismiss  .     (no cloak)
rCorr  .         Reflect  .     (no gloves)
SustAt .         Harm     .     k - +0 pair of boots
MR     .....                    o - amulet of the gourmand
Stlth  ++........               (no ring)
                                (no ring)

@: very slightly contaminated, not resistant to hostile enchantments, unstealthy
A: no striking features
a: no special abilities


You were on level 3 of the Dungeon.
You were completely stuffed.

You visited 1 branch of the dungeon, and saw 3 of its levels.
You also visited: Sewer.

You collected 159 gold pieces.

Inventory:

Hand Weapons
 d - a +0 dagger (weapon)
Armour
 a - a +0 robe (worn)
 e - a +0 buckler (worn)
 k - a +0 pair of boots (worn)
Jewellery
 o - an amulet of the gourmand (around neck)
Wands
 m - a wand of lightning (8/15)
Scrolls
 g - 3 scrolls of remove curse
 h - a scroll of enchant weapon {unknown}
 j - 2 scrolls of teleportation
Potions
 f - a potion of brilliance
 l - a potion of lignification {unknown}
 p - 3 potions of might
 q - 2 potions of heal wounds {unknown}
 r - a potion of haste {unknown}
Books
 b - a book of Flames

   Spells                             Type                      Level
   a - Flame Tongue                   Conjuration/Fire             1
   b - Throw Flame                    Conjuration/Fire             2
   c - Conjure Flame                  Conjuration/Fire             3
   d - Inner Flame                    Hexes/Fire                   3
   e - Sticky Flame                   Conjuration/Fire             4
   f - Fireball                       Conjuration/Fire             5
Comestibles
 c - 3 bread rations
 i - a slice of pizza
 n - a meat ration


   Skills:
 + Level 1.0 Fighting
 + Level 0.7 Armour
 * Level 4.0 Dodging
 + Level 2.9 Stealth
 + Level 1.0 Shields
 * Level 4.4 Spellcasting
 + Level 2.4 Conjurations
 + Level 1.6 Hexes
 + Level 4.0 Fire Magic


You had 3 spell levels left.
You knew the following spells:

 Your Spells              Type           Power        Failure   Level  Hunger
a - Flame Tongue          Conj/Fire      ###..        6%          1    None
b - Throw Flame           Conj/Fire      ###...       10%         2    #......
c - Conjure Flame         Conj/Fire      ###.....     17%         3    ##.....
d - Inner Flame           Hex/Fire       ###.....     21%         3    ##.....


Dungeon Overview and Level Annotations

Branches:
Dungeon (3/15)

Altars:


Message History

The puff of flame hits you!
* * * LOW HITPOINT WARNING * * *
Unknown command.
The orc wizard gestures wildly while chanting.
The orc wizard blinks!
Casting: Flame Tongue
Confirm with . or Enter, or press ? or * to list all spells.
Aiming: Flame Tongue
Press: ? - help, Shift-Dir - straight line, f - orc wizard
Aim: an orc wizard, wielding a dagger and wearing a robe The flame tongue hits the orc wizard.
The orc wizard is moderately wounded.
The orc wizard closely misses you.
You barely miss the orc wizard.
The orc wizard is moderately wounded.
The orc wizard hits you with a dagger.
* * * LOW HITPOINT WARNING * * *
The orc wizard casts a spell at you. The puff of flame hits you!
You die...

##.## *.# #...## *,** *###...
....#**.#*##...## *,,** ###.#.
....#,,,,,*#.#..## **,,* #...#.
....#,,,,,*#..#..# **.** #.*#..
....#,,,,,*##.##.## *..**#.##..
....#,,,,,*#..o...# *#..##.#...
....#,,,,,*#..o...#######.......#
....#,,,,,*#.....................
.).)#,,,,,*#....@.......##......<
(...#,,,,,*#.....(.#####.........
..#(#**,***#####.#..###.(#.......
###.# *,* #......##.....##.......
....# *_* ############..###.....#
###.##################..........#
#....................###.......
#........############# #.....(.
#........# #.......


You could see 2 orc wizards.

Vanquished Creatures
  An orc priest (D:3)
  Natasha (thrice) (D:3)
  2 adders (D:3)
  4 river rats
  An ooze (D:1)
  2 worms
  2 dart slugs (D:2)
  3 orcs (D:3)
  5 ball pythons
  12 bats
  6 giant cockroaches
  6 goblins
  3 hobgoblins
  7 jackals
  7 giant newts
  A kobold (D:3)
  13 rats
78 creatures vanquished.

Notes
Turn   | Place    | Note
--------------------------------------------------------------
     0 | D:1      | Kidiri the Deep Elf Fire Elementalist began the quest for the Orb.
     0 | D:1      | Reached XP level 1. HP: 10/10 MP: 6/6
     0 | D:1      | Upgraded the game from 0.18-a0-1628-g61c6396 to 0.18-a0-1639-g7533f42
   365 | D:1      | Reached XP level 2. HP: 15/15 MP: 5/8
   369 | D:1      | Learned a level 2 spell: Throw Flame
  1115 | D:2      | Reached XP level 3. HP: 17/19 MP: 2/9
  1412 | D:2      | Learned a level 3 spell: Conjure Flame
  1416 | D:2      | Learned a level 3 spell: Inner Flame
  2105 | D:3      | Noticed Natasha
  2119 | D:3      | Killed Natasha
  2119 | D:3      | Reached XP level 4. HP: 3/24 MP: 2/11
  2204 | D:3      | Found a glowing drain.
  2209 | Sewer    | Entered a sewer
  2274 | Sewer    | Reached skill level 1 in Hexes
  2955 | D:3      | Noticed Natasha
  2966 | D:3      | Killed Natasha
  2966 | D:3      | Reached skill level 1 in Shields
  2966 | D:3      | Reached XP level 5. HP: 9/28 MP: 8/13
  3512 | D:3      | Noticed Natasha
  3518 | D:3      | Killed Natasha
  3518 | D:3      | Reached skill level 1 in Fighting
  3709 | D:3      | Killed from afar by an orc wizard

Vault maps used:
D:1:      scummos_arrival_star
D:2:      first_bread
D:3:      lemuel_zombie_altar_yredelemnul, gup_sewer_entry_bowl, uniq_robin,
          uniq_natasha
Sewer:    sewer_co_cracked_pipes

Skill      XL: |  1  2  3  4  5 |
---------------+----------------+-----
Dodging        | 3 4 |  4.0
Conjurations   | 2 |  2.4
Spellcasting   | 4 |  4.4
Hexes          | 1 |  1.6
Shields        | 1 |  1.0
Fighting       | 1 |  1.0
Fire Magic     | 4 |  4.0
Armour         | |  0.7
Stealth        | |  2.9

Action                   |  1- 3 |  4- 6 || total
-------------------------+-------+-------++-------
Melee: Unarmed           |     1 |       ||     1
       Dagger            |    13 |    45 ||    58
 Cast: Flame Tongue      |    59 |    56 ||   115
       Throw Flame       |    16 |    16 ||    32
       Conjure Flame     |       |     1 ||     1
  Use: Scroll            |       |     5 ||     5
       Potion            |       |     2 ||     2
 Stab: Sleeping          |     1 |     3 ||     4
  Eat: Chunk             |    10 |    12 ||    22
